 Dungeon Crawl Stone Soup version 0.27.1-33-g824d729ab1 (webtiles) character file.

Game seed: 9635068833019074237

606 spaced the Ruffian (level 6, 0/47 HPs)
             Began as a Demigod Transmuter on Nov 26, 2021.
             Slain by a water moccasin (1 damage)
             ... on level 5 of the Dungeon.
             The game lasted 00:22:37 (5157 turns).

spaced the Ruffian (Demigod Transmuter)             Turns: 5157, Time: 00:22:38

Health: 0/47       AC:  3    Str: 15    XL:     6   Next: 98%
Magic:  12/14      EV: 13    Int: 19    God:
Gold:   453        SH:  0    Dex: 14    Spells: 6/12 levels left

rFire    . . .     SeeInvis .     - Unarmed
rCold    . . .     Faith    .   (no shield)
rNeg     . . .     Spirit   .   a - +0 robe
rPois    .         Reflect  .   (helmet currently unavailable)
rElec    .         Harm     .   i - +0 cloak
rCorr    .         Rampage  .   (no gloves)
Will     .....                  (boots currently unavailable)
Stlth    ++........             (no amulet)
HPRegen  0.15/turn              (no ring)
MPRegen  0.14/turn              (no ring)

@: lethally poisoned (0 -> -9), appendages
A: horns 2, talons 2, high mp 1, forlorn
a: End Transformation


You were on level 5 of the Dungeon.
You had temporarily grown beastly horns and talons.
You visited 1 branch of the dungeon, and saw 5 of its levels.
You also visited: Ossuary.

You collected 503 gold pieces.
You spent 50 gold pieces at shops.

Inventory:

Hand Weapons
 h - a +0 dagger of venom
Missiles
 r - 11 poisoned darts
Armour
 a - a +0 robe (worn)
 i - a +0 cloak (worn)
Jewellery
 b - an amulet of magic regeneration
Scrolls
 d - 2 scrolls of magic mapping {unknown}
 e - 4 scrolls of amnesia
 f - 2 scrolls of immolation {unknown}
 g - a scroll of holy word {unknown}
 j - a scroll of fog {unknown}
 k - a scroll of enchant armour {unknown}
 n - 2 scrolls of enchant weapon {unknown}
 p - a scroll of noise {unknown}
 s - a scroll of brand weapon {unknown}
 u - a scroll of teleportation {unknown}
 v - a scroll of fear {unknown}
Potions
 c - a potion of curing
 l - 2 potions of attraction
 o - 2 potions of lignification {unknown}
 q - 3 potions of degeneration
 t - 2 potions of brilliance
 w - a potion of resistance {unknown}
 x - a potion of ambrosia {unknown}
 z - a potion of magic {unknown}


   Skills:
 + Level 1.1 Fighting
 + Level 3.0 Dodging
 + Level 1.7 Stealth
 + Level 4.9 Unarmed Combat
 + Level 3.5 Spellcasting
 + Level 0.4 Conjurations
 + Level 3.4 Transmutations


You had 6 spell levels left.
You knew the following spells:

 Your Spells              Type           Power      Damage    Failure   Level
a - Beastly Appendage     Tmut           32%        N/A       3%          1
b - Wereblood             Tmut           16%        N/A       5%          2
c - Call Imp              Summ           3%         N/A       22%         2
d - Magic Dart            Conj           16%        1d3       12%         1

Your spell library contained the following spells:

 Spells                   Type           Power      Damage    Failure   Level
 Spider Form              Tmut/Pois      4%         N/A       22%         3
 Dazzling Flash           Conj/Hex       8%         N/A       36%         3
 Mephitic Cloud           Conj/Pois/Air  3%         N/A       38%         3
 Summon Guardian Golem    Hex/Summ       3%         N/A       38%         3
 Ice Form                 Ice/Tmut       9%         N/A       56%         4
 Agony                    Necr           3%         N/A       99%         5
 Silence                  Hex/Air        1%         N/A       99%         5
 Orb of Destruction       Conj           2%         9d1       100%        7
 Spellforged Servitor     Conj/Summ      2%         N/A       100%        7


Dungeon Overview and Level Annotations

Branches:
Dungeon (5/15)             Temple (0/1) D:4         Ossuary (visited)

Shops:
D:2 *   D:4 *


Innate Abilities, Weirdness & Mutations

You have temporarily grown beastly horns and talons.
Your attributes grow dramatically as you level up.
You have an increased reservoir of magic. (+10% MP)
You shall have no god before yourself.


Message History

The water moccasin poisons you!
You hit the water moccasin. Your kick misses the water moccasin.
The water moccasin is moderately wounded.
You feel very sick. The water moccasin bites you!
You barely miss the water moccasin. Your kick misses the water moccasin.
The water moccasin is moderately wounded.
You feel very sick. The water moccasin barely misses you.
The water moccasin bites you.
You punch the water moccasin! Your kick misses the water moccasin.
Your headbutt misses the water moccasin.
The water moccasin is severely wounded.
* * * LOW HITPOINT WARNING * * *
You feel very sick.
The water moccasin bites you but does no damage.
You barely miss the water moccasin. You claw the water moccasin.
Your headbutt misses the water moccasin.
The water moccasin is severely wounded.
* * * LOW HITPOINT WARNING * * *
You feel very sick. The water moccasin bites you.
* * * LOW HITPOINT WARNING * * *
You feel better. The water moccasin bites you.
* * * LOW HITPOINT WARNING * * *
The water moccasin bites you.
* * * LOW HITPOINT WARNING * * *
You are lethally poisoned!
The water moccasin poisons you!
You hit the water moccasin but do no damage.
Your kick misses the water moccasin.
The water moccasin is severely wounded.
* * * LOW HITPOINT WARNING * * *
You feel very sick.
The water moccasin completely misses you.
You closely miss the water moccasin.
The water moccasin is severely wounded.
* * * LOW HITPOINT WARNING * * *
You feel very sick. The water moccasin bites you.
You die...

...#. ###..#. .(.?.#.##
........# #######.#
#.....#.# ##########
#....$#.####........#
'.._^.#.@..>........#
#.....#S###.........#
#.....#.. #.........#
#######..##.........#
.........##.........#
.##......###........#
..#..##'###.###........#
..#......#
.##...#+#.#### .'......#
#...#.#....#


You could see a water moccasin.

Vanquished Creatures
  An ogre (D:5)
  A phantom (D:4)
  2 jellies (D:4)
  2 orc priests
  Jessica (D:3)
  A bullfrog skeleton (D:5)
  2 iguanas
  A hound skeleton (D:4)
  8 mummies (Ossuary)
  4 adders
  A dart slug (D:1)
  14 orcs
  6 endoplasms
  A gnoll zombie (Ossuary)
  3 goblins
  9 hobgoblins
  2 jackals (D:2)
  8 kobolds
  2 quokkas (D:3)
  5 ball pythons
  8 bats
  2 frilled lizards (D:2)
  3 hobgoblin zombies (Ossuary)
  2 kobold zombies (Ossuary)
  2 orc zombies (Ossuary)
  3 rats
94 creatures vanquished.

Vanquished Creatures (others)
  A killer bee zombie (D:5)
1 creature vanquished.

Grand Total: 95 creatures vanquished

Notes
Turn   | Place    | Note
-------+----------+-------------------------------------------
     0 | D:1      | spaced the Demigod Transmuter began the quest for the Orb.
     0 | D:1      | Reached XP level 1. HP: 15/15 MP: 5/5
   566 | D:1      | Reached XP level 2. HP: 20/22 MP: 5/7
   952 | D:1      | Learned a level 2 spell: Wereblood
  1203 | D:2      | Reached skill level 3 in Unarmed Combat
  1589 | D:2      | Learned a level 2 spell: Call Imp
  1750 | D:2      | Found Sithrol's General Store.
  1753 | D:2      | Reached XP level 3. HP: 26/27 MP: 5/8
  1770 | D:2      | Bought a potion of heal wounds for 50 gold pieces
  2315 | D:3      | Reached XP level 4. HP: 26/34 MP: 7/10
  2317 | D:3      | Learned a level 1 spell: Magic Dart
  2510 | D:3      | Noticed Jessica
  2517 | D:3      | Killed Jessica
  3042 | D:4      | Found Sovvuowk's Assorted Antiques.
  3107 | D:4      | Reached skill level 1 in Stealth
  3156 | D:4      | Reached XP level 5. HP: 39/39 MP: 9/11
  3259 | D:4      | Found a staircase to the Ecumenical Temple.
  3383 | D:4      | Reached skill level 4 in Unarmed Combat
  4023 | D:4      | Reached skill level 1 in Fighting
  4189 | D:4      | Reached XP level 6. HP: 47/47 MP: 6/13
  4268 | D:5      | Entered Level 5 of the Dungeon
  4494 | D:5      | Found a sand-covered staircase.
  4503 | Ossuary  | Entered an ossuary
  5141 | D:5      | Noticed a water moccasin
  5157 | D:5      | HP: 1/47 [poisoned by a water moccasin]
  5157 | D:5      | Slain by a water moccasin

Illustrated notes

Levels and vault maps discovered:
D:1:      saegor_arrival_under_anarchy, layout_basic,
          hellmonk_ecumenical_altar_inner_sanctum
D:2:      layout_basic, serial_shops, nicolae_lakefront_shop
D:3:      layout_basic, mainiacjoe_overflow_surrounded_room, uniq_jessica
D:4:      layout_loops_ring, minmay_temple_entry_glassed_door, serial_shops,
          shop, moated_statue
D:5:      layout_basic, amcnicky_altar_gilded,
          nicolae_overflow_quartered_altars, nicolae_ossuary_entry_ruins,
          lemuel_old_faithful, uniq_edmund

Skill      XL: |  1  2  3  4  5  6 |
---------------+-------------------+-----
Dodging        | 2 3 |  3.0
Spellcasting   | 2 3 |  3.5
Unarmed Combat | 3 4 |  4.9
Transmutations | 2 3 |  3.4
Stealth        | 1 |  1.7
Fighting       | 1 |  1.1
Conjurations   | |  0.4

Action                   |  1- 3 |  4- 6 || total
-------------------------+-------+-------++-------
Melee: Unarmed           |    88 |   167 ||   255
       Kick              |    24 |    50 ||    74
       Headbutt          |    12 |    31 ||    43
       Punch             |     1 |     1 ||     2
 Cast: Beastly Appendage |    28 |    26 ||    54
       Wereblood         |     3 |     6 ||     9
       Magic Dart        |       |    27 ||    27
       Call Imp          |       |     3 ||     3
  Use: Potion            |     1 |     3 ||     4
       Scroll            |       |     4 ||     4
 Stab: Sleeping          |     1 |     2 ||     3
Armor: Robe              |    21 |    24 ||    45
Dodge: Dodged            |    48 |    91 ||   139
